[Event "December 12 Early 2023"]
[Site "https://www.chess.com"]
[Date "2023.12.12"]
[Round "10"]
[White "Skurikhin, Dmitrij"]
[Black "Saim, Mohamed Ilias"]
[Result "0-1"]
[Board "139"]
[TimeControl "180+1"]
[WhiteFideId "4161297"]
[BlackFideId "7900465"]
[WhiteElo "2270"]
[BlackElo "2040"]
[WhiteTeam "RUS"]
[BlackTeam "ALG"]
[WhiteClock "0:00:55"]
[BlackClock "0:00:14"]

1. Nc3 Nf6 2. d4 d5 3. Bg5 e6 4. e4 dxe4 5. Nxe4 Be7 6. Bxf6 Bxf6 7. c3 O-O 8. Bd3 Nd7 9. h4 Re8 10. Nf3 b6 11. Qc2 Nf8 12. g4 Bb7 13. O-O-O Bxe4 14. Bxe4 Rc8 15. Bb7 Rb8 16. Kb1 Rxb7 17. g5 Be7 18. Rde1 Qd5 19. Rh3 Qf5 20. Qxf5 exf5 21. Nd2 Rbb8 22. Rhe3 Ng6 23. h5 Kf8 24. hxg6 fxg6 25. f4 Bd6 26. Rxe8+ Rxe8 27. Rf1 Re2 28. Kc2 Rh2 29. Kd3 h5 30. gxh6 gxh6 31. b4 Kf7 32. a4 Kf6 33. Nf3 Ra2 34. Ne5 Rxa4 35. Kc4 Bxe5 36. fxe5+ Ke7 37. d5 Ra2 38. Rg1 g5 39. Rh1 f4 40. Rxh6 f3 41. Rh7+ Kf8 42. e6 f2 43. Rf7+ Ke8 44. Kb5 g4 45. Kc6 Rc2 46. Kxc7 Rxc3+ 47. Kd6 Rf3 48. Rxa7 Kf8 49. Ra8+ Kg7 50. e7 f1=Q 51. e8=Q Rf6+ 52. Kc7 Qc4+ 53. Kb7 Rf7+ 54. Kb8 Qc7# 0-1

[Event "December 12 Early 2023"]
[Site "https://www.chess.com"]
[Date "2023.12.12"]
[Round "10"]
[White "Franchini, Gabriele"]
[Black "Guzman Lozano, Campo Elias"]
[Result "0-1"]
[Board "140"]
[TimeControl "180+1"]
[WhiteFideId "806790"]
[BlackFideId "4403746"]
[WhiteElo "2241"]
[BlackElo "2180"]
[WhiteTeam "ITA"]
[BlackTeam "COL"]
[WhiteClock "0:00:08"]
[BlackClock "0:01:25"]

1. e4 c5 2. Nc3 Nc6 3. Bb5 e5 4. d3 d6 5. Bxc6+ bxc6 6. f4 Nf6 7. fxe5 dxe5 8. Nf3 Nd7 9. Be3 Be7 10. O-O O-O 11. b3 f6 12. Nd2 Re8 13. Qf3 Nf8 14. Nc4 Ne6 15. Qf2 Nd4 16. Na4 Rf8 17. c3 Ne6 18. Rad1 Ba6 19. Nxc5 Nxc5 20. Bxc5 Bxc4 21. dxc4 Qe8 22. Bxe7 Qxe7 23. c5 Rad8 24. b4 Qe6 25. Rd2 Qc4 26. Re1 Qxc3 27. Red1 Rxd2 28. Qxd2 Qc4 29. Re1 h6 30. a3 Kh7 31. Qe2 Qc3 32. Qe3 Qc2 33. Rc1 Qb2 34. Qc3 Qe2 35. Re1 Qg4 36. h3 Qg5 37. a4 Rd8 38. Re2 Rd1+ 39. Kh2 Qf4+ 40. g3 Qf1 41. Qe3 Qh1# 0-1

[Event "December 12 Early 2023"]
[Site "https://www.chess.com"]
[Date "2023.12.12"]
[Round "11"]
[White "Martinez Alcantara, Jose Eduardo"]
[Black "Fedoseev, Vladimir"]
[Result "1-0"]
[Board "1"]
[TimeControl "180+1"]
[WhiteFideId "3805662"]
[BlackFideId "24130737"]
[WhiteElo "3049"]
[BlackElo "3068"]
[WhiteTeam "PER"]
[BlackTeam "SLO"]
[WhiteClock "0:00:09"]
[BlackClock "0:00:00"]

1. e4 e5 2. Nf3 Nc6 3. Nc3 Nge7 4. Bc4 Ng6 5. d3 Bb4 6. h3 O-O 7. O-O Bxc3 8. bxc3 h6 9. d4 d6 10. Rb1 Kh7 11. Re1 Rb8 12. a4 b6 13. Ng5+ Kg8 14. Nf3 Qf6 15. Be3 Na5 16. Bb5 Bb7 17. d5 c6 18. dxc6 Bxc6 19. Nd2 Rbc8 20. c4 Bb7 21. Bd7 Rc7 22. Bb5 Qe6 23. Qf3 Ne7 24. Qg3 Nc8 25. f4 a6 26. f5 Qf6 27. Qf2 axb5 28. Bxb6 Nxb6 29. Qxb6 Nxc4 30. Qxc7 Nxd2 31. Qxb7 Nxb1 32. Rxb1 bxa4 33. Qa6 Qg5 34. Qxa4 Qe3+ 35. Kh1 h5 36. Qc4 h4 37. Rd1 Ra8 38. Qc6 Rd8 39. Qc7 Ra8 40. Qc6 Rd8 41. Qc7 Rf8 42. Qc6 Qe2 43. Qxd6 Qxe4 44. f6 g5 45. c4 Rc8 46. Qd7 Qxc4 47. Qf5 Qc2 48. Rd8+ Rxd8 49. Qxc2 Rd4 50. Qf5 Rf4 51. Qxg5+ 1-0

[Event "December 12 Early 2023"]
[Site "https://www.chess.com"]
[Date "2023.12.12"]
[Round "11"]
[White "Sarana, Alexey"]
[Black "Le, Tuan Minh"]
[Result "0-1"]
[Board "2"]
[TimeControl "180+1"]
[WhiteFideId "24133795"]
[BlackFideId "12401153"]
[WhiteElo "3047"]
[BlackElo "3083"]
[WhiteTeam "SRB"]
[BlackTeam "VIE"]
[WhiteClock "0:00:06"]
[BlackClock "0:00:37"]

1. d4 Nf6 2. c4 e6 3. Nc3 d5 4. Bg5 Nbd7 5. cxd5 exd5 6. e3 Be7 7. Bd3 O-O 8. Nf3 b6 9. O-O Bb7 10. Rc1 h6 11. Bf4 a6 12. h3 c5 13. dxc5 bxc5 14. Bf5 Re8 15. Ne5 Nxe5 16. Bxe5 Bd6 17. Bxd6 Qxd6 18. Na4 c4 19. b3 Qe5 20. Bb1 Rad8 21. Nc5 Bc8 22. Qd4 Qg5 23. Kh2 cxb3 24. axb3 Ne4 25. b4 Qe7 26. Kg1 Rd6 27. Rfd1 Ng5 28. h4 Ne6 29. Nxe6 Bxe6 30. Bd3 Rb8 31. Qc5 Qd8 32. g3 Rdb6 33. Ra1 Rxb4 34. Rxa6 Rb2 35. Qd6 Qf6 36. Qf4 Qxf4 37. gxf4 Bg4 38. Rc1 Rd2 39. Ra3 g6 40. Kg2 Rbb2 41. Kg3 Be6 42. Rf1 h5 43. Bb1 d4 44. exd4 Rxd4 45. Rf3 Bd5 46. Re3 Rbb4 47. Rd3 Rxd3+ 48. Bxd3 Rb3 49. Rd1 Bc4 50. f3 Bxd3 51. Kf2 Bf5 52. Rd6 Kf8 53. Ra6 Be6 54. Ra5 Ke7 55. Rc5 Kd6 56. Rg5 Rd3 57. Ke2 Rd4 58. Ke3 Rd1 59. Ra5 Rh1 60. Ra6+ Ke7 61. Kf2 Rxh4 62. Kg3 Rh1 63. Kg2 Rb1 64. Ra5 h4 65. Ra2 Bxa2 0-1

[Event "December 12 Early 2023"]
[Site "https://www.chess.com"]
[Date "2023.12.12"]
[Round "11"]
[White "Andreikin, Dmitry"]
[Black "Duda, Jan-Krzysztof"]
[Result "1-0"]
[Board "3"]
[TimeControl "180+1"]
[WhiteFideId "4158814"]
[BlackFideId "1170546"]
[WhiteElo "3099"]
[BlackElo "3067"]
[WhiteTeam "FID"]
[BlackTeam "POL"]
[WhiteClock "0:00:24"]
[BlackClock "0:00:01"]

1. d4 Nf6 2. c4 g6 3. Nc3 d5 4. cxd5 Nxd5 5. e4 Nxc3 6. bxc3 Bg7 7. Be3 c5 8. Qd2 Qa5 9. Nf3 O-O 10. Rb1 b6 11. h4 Rd8 12. Rb5 Qa4 13. h5 cxd4 14. cxd4 Nc6 15. hxg6 hxg6 16. Rb3 Bg4 17. Bb5 Nxd4 18. Bxa4 Nxf3+ 19. gxf3 Bxf3 20. Rd3 Rxd3 21. Qxd3 Bxh1 22. Bc6 Rf8 23. Qd7 e6 24. Qxa7 Bf3 25. Qxb6 Bf6 26. e5 Bd8 27. Qb7 Ba5+ 28. Kf1 Bg4 29. Qb5 Bc3 30. Qc5 Bb2 31. Bd4 Bxd4 32. Qxd4 Bh3+ 33. Ke1 Rb8 34. a4 Rb1+ 35. Kd2 Bf1 36. a5 Ba6 37. Qd8+ Kg7 38. Qf6+ Kg8 39. Be8 Rb7 40. Qd8 Kg7 41. Qa8 Rb2+ 42. Kc3 Bb7 43. Qb8 Rb1 44. a6 Be4 45. Qxb1 Bxb1 46. Bc6 Be4 47. Bxe4 1-0

[Event "December 12 Early 2023"]
[Site "https://www.chess.com"]
[Date "2023.12.12"]
[Round "11"]
[White "Pranav, V"]
[Black "Zhigalko, Sergei"]
[Result "0-1"]
[Board "4"]
[TimeControl "180+1"]
[WhiteFideId "25060783"]
[BlackFideId "13502956"]
[WhiteElo "3062"]
[BlackElo "2961"]
[WhiteTeam "IND"]
[BlackTeam "BLR"]
[WhiteClock "0:00:01"]
[BlackClock "0:00:04"]

1. e4 c5 2. Nf3 Nc6 3. Bb5 Nf6 4. Qe2 g6 5. O-O Bg7 6. c3 O-O 7. Rd1 e5 8. h3 Re8 9. d3 d6 10. Nbd2 Nh5 11. Nc4 Qc7 12. a4 Bd7 13. a5 h6 14. Be3 Rad8 15. Qd2 Kh7 16. Ba4 f5 17. Qe2 Rf8 18. exf5 Rxf5 19. Nh4 Nf4 20. Bxf4 Rxf4 21. g3 Rf7 22. Bc2 Ne7 23. d4 cxd4 24. cxd4 Rdf8 25. Rf1 Bxh3 26. dxe5 dxe5 27. Ne3 Bxf1 28. Rxf1 e4 29. Bxe4 Qxa5 30. f4 Qb6 31. Kg2 Bf6 32. Nf3 Qxb2 33. Nc2 Kg7 34. Rf2 Nf5 35. Bxf5 gxf5 36. Qd3 Qc3 37. Qxf5 Kh8 38. Qg6 Bg7 39. Re2 Rf6 40. Qg4 Qc6 41. Nd4 Qd5 42. Re5 Qc4 43. Re7 R6f7 44. Re6 Rf6 45. Re2 Qf7 46. Ne5 Qd5+ 47. Ndf3 Kh7 48. Rd2 Qe4 49. Nd7 Rg6 50. Nxf8+ Bxf8 51. Qd7+ Bg7 52. Qf7 Qe3 53. Rf2 Qe4 54. Kg1 Rxg3+ 55. Kh2 Qg6 56. Qxg6+ Rxg6 57. f5 Rb6 58. Kg3 Rb2 59. Rf1 Rb5 60. Kf4 Rb4+ 61. Ke3 Bf6 62. Rd1 Rb3+ 63. Ke4 Rb4+ 64. Ke3 Kg8 65. Rd7 a5 66. Kd3 a4 67. Rd6 a3 68. Rxf6 a2 69. Rg6+ Kh7 70. Rg1 Rb1 0-1

[Event "December 12 Early 2023"]
[Site "https://www.chess.com"]
[Date "2023.12.12"]
[Round "11"]
[White "Harsha Bharathakoti"]
[Black "Xiong, Jeffery"]
[Result "1/2-1/2"]
[Board "5"]
[TimeControl "180+1"]
[WhiteFideId "5078776"]
[BlackFideId "2047640"]
[WhiteElo "2909"]
[BlackElo "3050"]
[WhiteTeam "IND"]
[BlackTeam "USA"]
[WhiteClock "0:00:04"]
[BlackClock "0:01:28"]

1. d4 d5 2. Bf4 Nf6 3. e3 e6 4. Nd2 Be7 5. Ngf3 Nbd7 6. Bd3 c5 7. h3 c4 8. Be2 b5 9. Ne5 Bb7 10. O-O O-O 11. Nxd7 Qxd7 12. Nf3 b4 13. Ne5 Qc8 14. Bg5 h6 15. Bh4 a5 16. b3 cxb3 17. axb3 Qd8 18. Bxf6 Bxf6 19. Bd3 Bxe5 20. dxe5 Qc7 21. Qh5 Ba6 22. Bxa6 Rxa6 23. Ra2 Qc3 24. Rfa1 Rc8 25. Qe2 Rac6 26. Rxa5 Qxe5 27. Ra8 Rxc2 28. Qxc2 Qxa1+ 29. Rxa1 Rxc2 30. Ra8+ Kh7 31. Rb8 g5 32. Rxb4 Kg6 33. g4 h5 34. Kg2 h4 35. Rb7 Rb2 36. b4 f5 37. gxf5+ Kxf5 38. b5 Ke4 39. Rb8 e5 40. b6 Rb1 41. b7 Rb2 42. Kf1 Kd3 43. Kg2 Ke2 44. Rd8 Rxb7 45. Rxd5 Rf7 46. Rxe5 Rxf2+ 47. Kg1 Rf3 48. Rxg5 Rxh3 49. e4 Re3 50. Rg4 Kf3 51. Rg8 Re2 52. e5 h3 53. e6 Rxe6 54. Rf8+ Kg3 55. Rg8+ Kf3 56. Rf8+ Kg3 57. Rg8+ Kf3 1/2-1/2

[Event "December 12 Early 2023"]
[Site "https://www.chess.com"]
[Date "2023.12.12"]
[Round "11"]
[White "Vokhidov, Shamsiddin"]
[Black "Materia, Marco"]
[Result "0-1"]
[Board "6"]
[TimeControl "180+1"]
[WhiteFideId "14204223"]
[BlackFideId "45150451"]
[WhiteElo "3018"]
[BlackElo "2849"]
[WhiteTeam "UZB"]
[BlackTeam "FRA"]
[WhiteClock "0:01:53"]
[BlackClock "0:01:43"]

1. e4 c5 2. Nf3 e6 3. d4 cxd4 4. Nxd4 Nc6 5. Nc3 Qc7 6. Be3 a6 7. a3 Nf6 8. f4 d5 9. e5 Nd7 10. Qd2 Bc5 11. Be2 b5 12. O-O Bb7 13. Kh1 O-O 14. Rad1 Rac8 15. Nxc6 Qxc6 16. Bd4 Nb6 17. Bxc5 Qxc5 18. Qd4 Nc4 19. Bxc4 dxc4 20. Qxc5 Rxc5 21. Rd7 Bc6 22. Rc7 Bxg2+ 0-1

[Event "December 12 Early 2023"]
[Site "https://www.chess.com"]
[Date "2023.12.12"]
[Round "11"]
[White "Paravyan, David"]
[Black "Drygalov, Sergey"]
[Result "1-0"]
[Board "7"]
[TimeControl "180+1"]
[WhiteFideId "4194985"]
[BlackFideId "24171743"]
[WhiteElo "3022"]
[BlackElo "3010"]
[WhiteTeam "FID"]
[BlackTeam "RUS"]
[WhiteClock "0:00:13"]
[BlackClock "0:00:08"]

1. e4 c5 2. Nf3 d6 3. d4 cxd4 4. Nxd4 Nf6 5. Nc3 a6 6. f3 e5 7. Nb3 Be6 8. Be3 Be7 9. Qd2 O-O 10. O-O-O Nbd7 11. g4 b5 12. g5 Nh5 13. Nd5 Bxd5 14. exd5 f6 15. gxf6 Bxf6 16. Na5 Nf4 17. Qb4 Qc7 18. Nc6 Nb8 19. Bd3 Nxc6 20. dxc6 d5 21. Bxf4 exf4 22. Qc5 Rad8 23. Rhe1 Rd6 24. Bf5 Qxc6 25. Qxc6 Rxc6 26. Be6+ Kh8 27. Bxd5 Rc7 28. Re6 Rd7 29. Rd3 a5 30. a3 g5 31. Rb6 Re7 32. c3 Re2 33. Rd2 Re1+ 34. Kc2 Re5 35. h3 h5 36. Rxb5 Rd8 37. Rxa5 g4 38. hxg4 hxg4 39. Rh2+ Kg7 40. Ra7+ Kg6 41. Bf7+ Kf5 42. fxg4+ Kxg4 43. Ra6 Bg5 44. Bh5+ Kg3 45. Re2 Rxe2+ 46. Bxe2 f3 47. Bc4 f2 48. Rg6 Kf4 49. Rg7 Bf6 50. Rf7 Ke5 51. a4 Rc8 52. Bf1 Rg8 53. Rd7 Rg1 54. Rd1 Be7 55. a5 Bc5 56. b4 Ba7 57. b5 Bc5 58. b6 Rg7 59. Rb1 Kd6 60. b7 Ba7 61. b8=Q+ Bxb8 62. Rxb8 Rg5 63. a6 Ra5 64. Rb1 Ra2+ 65. Kd3 Rxa6 66. Ke3 Ra2 67. Rc1 Kc5 68. Be2 f1=Q 69. Bxf1 Rb2 70. Bd3 Rh2 71. Rf1 Rh3+ 72. Kd2 Rh2+ 73. Be2 Rg2 74. Rf5+ Kd6 75. Rf4 Rg3 76. Kc2 Kc5 77. Rd4 Re3 78. Bd3 Rg3 79. Rc4+ Kd5 80. Rh4 Kc5 81. Rh5+ Kb6 82. Be4 Re3 83. Re5 Kc7 84. Kd2 Rg3 85. Bd3 Kd6 86. Ra5 Kc6 87. c4 Kb6 88. Rh5 Kc6 89. Kc3 Re3 90. Kd4 Rg3 91. Be4+ Kb6 92. c5+ Kb5 93. Bd3+ Kc6 94. Rh6+ Kc7 95. Be4 Ra3 96. Rh7+ Kd8 97. Ke5 Ra6 98. c6 1-0

[Event "December 12 Early 2023"]
[Site "https://www.chess.com"]
[Date "2023.12.12"]
[Round "11"]
[White "Matinian, Nikita"]
[Black "Sychev, Klementy"]
[Result "0-1"]
[Board "8"]
[TimeControl "180+1"]
[WhiteFideId "24129100"]
[BlackFideId "4114060"]
[WhiteElo "2792"]
[BlackElo "2943"]
[WhiteTeam "FID"]
[BlackTeam "FID"]
[WhiteClock "0:00:00"]
[BlackClock "0:00:10"]

1. e4 e5 2. Nf3 Nc6 3. Bb5 a6 4. Ba4 f5 5. d4 exd4 6. e5 b5 7. Bb3 Na5 8. O-O Bb7 9. Re1 Nxb3 10. axb3 Bc5 11. Nxd4 Qh4 12. Be3 f4 13. Nf3 Bxf3 14. Qxf3 fxe3 15. Qxa8+ Ke7 16. Re2 exf2+ 17. Kf1 Qxh2 18. Rxf2 Bxf2 19. Kxf2 Qf4+ 20. Qf3 Qd4+ 21. Qe3 Qxe3+ 22. Kxe3 Nh6 23. Rxa6 Rf8 24. Nc3 Ng4+ 25. Kd4 Rf4+ 26. Kd3 c6 27. Ra7 Rf2 28. Ne4 Rxg2 29. e6 Kxe6 30. Nc5+ Kf5 31. Nxd7 h5 32. Nc5 h4 33. Rf7+ Kg6 34. Rf4 h3 35. Rf3 Ne5+ 0-1

[Event "December 12 Early 2023"]
[Site "https://www.chess.com"]
[Date "2023.12.12"]
[Round "11"]
[White "Szpar, Milosz"]
[Black "Shankland, Sam"]
[Result "0-1"]
[Board "9"]
[TimeControl "180+1"]
[WhiteFideId "1184989"]
[BlackFideId "2004887"]
[WhiteElo "2892"]
[BlackElo "2935"]
[WhiteTeam "POL"]
[BlackTeam "USA"]
[WhiteClock "0:00:03"]
[BlackClock "0:01:03"]

1. e4 c5 2. Nf3 d6 3. d4 cxd4 4. Nxd4 Nf6 5. Nc3 Nc6 6. f3 e5 7. Nb3 Be6 8. Be3 d5 9. exd5 Nxd5 10. Nxd5 Qxd5 11. Qxd5 Bxd5 12. O-O-O O-O-O 13. Bb5 a6 14. Bd3 g6 15. Be4 Bxe4 16. fxe4 Be7 17. Rhf1 f6 18. Nd2 Kd7 19. Bb6 Rc8 20. Nc4+ Ke6 21. Ne3 Bd8 22. Bc5 Be7 23. Bb6 Bd8 24. Nc4 Nd4 25. Bxd8 Rhxd8 26. Ne3 f5 27. exf5+ gxf5 28. c3 f4 29. Ng4 h5 30. Nf2 Nf5 31. Rfe1 Rxd1+ 32. Nxd1 Rg8 33. Re2 h4 34. Kd2 h3 35. gxh3 f3 36. Rf2 e4 37. Ke1 Ke5 38. Rf1 Kf4 39. Nf2 Ne3 40. Rh1 Rd8 41. h4 Ng2+ 42. Kf1 e3 43. Nh3+ Kg4 0-1

[Event "December 12 Early 2023"]
[Site "https://www.chess.com"]
[Date "2023.12.12"]
[Round "11"]
[White "Zakhartsov, Vladimir"]
[Black "Samunenkov, Ihor"]
[Result "0-1"]
[Board "10"]
[TimeControl "180+1"]
[WhiteFideId "4145097"]
[BlackFideId "14187086"]
[WhiteElo "2928"]
[BlackElo "2764"]
[WhiteTeam "RUS"]
[BlackTeam "UKR"]
[WhiteClock "0:01:19"]
[BlackClock "0:00:23"]

1. d4 Nf6 2. c4 e6 3. Nf3 d5 4. g3 Be7 5. Bg2 O-O 6. Nc3 c6 7. O-O a5 8. Qd3 b6 9. Ne5 Nfd7 10. Nxd7 Nxd7 11. cxd5 Ba6 12. Qd1 cxd5 13. Re1 Rc8 14. e4 dxe4 15. Bxe4 Nf6 16. Bg2 Bb4 17. Bf4 Rxc3 18. bxc3 Bxc3 19. Be5 Bxa1 20. Qxa1 Bc4 21. Qb2 b5 22. d5 exd5 23. Bd4 b4 24. a3 b3 25. h4 a4 26. Bc3 Re8 27. Rd1 Re2 28. Qc1 Ne4 29. Bd4 Rc2 30. Qe3 Nxf2 31. Re1 Ne4 32. Bxe4 dxe4 33. Qxe4 h6 34. Qg4 f6 35. Bxf6 Qxf6 36. Re8+ Kh7 37. Qe4+ g6 0-1

[Event "December 12 Early 2023"]
[Site "https://www.chess.com"]
[Date "2023.12.12"]
[Round "11"]
[White "Durarbayli, Vasif"]
[Black "Alexandre, Anne Shopie Elizabeth"]
[Result "1/2-1/2"]
[Board "11"]
[TimeControl "180+1"]
[WhiteFideId "13402935"]
[BlackFideId "11902418"]
[WhiteElo "2912"]
[BlackElo "2818"]
[WhiteTeam "AZE"]
[BlackTeam "HAI"]
[WhiteClock "0:00:16"]
[BlackClock "0:00:45"]

1. e4 c5 2. Nf3 d6 3. d4 cxd4 4. Nxd4 Nf6 5. Nc3 a6 6. Bg5 Nbd7 7. Qe2 h6 8. Bh4 g6 9. O-O-O Bg7 10. f4 e5 11. fxe5 dxe5 12. Nf3 Qc7 13. g4 b5 14. Bg3 Nxg4 15. Nd5 Qb8 16. Bh3 h5 17. Rhf1 Ndf6 18. Nxe5 Nxe5 19. Bxc8 Nxd5 20. exd5 Qxc8 21. Bxe5 O-O 22. Bxg7 Kxg7 23. Qe5+ f6 24. Qd4 Qg4 25. Rf4 Qe2 26. d6 Rac8 27. Qd2 Qxd2+ 28. Rxd2 Rfd8 29. a4 g5 30. Re4 Rd7 31. axb5 axb5 32. Rd5 Rcd8 33. Red4 Kg6 34. Kd2 f5 35. Kc3 Rc8+ 36. Kb3 Rc6 37. c3 Kf6 38. Kb4 Ke6 39. Kxb5 Rcxd6 40. Rxd6+ Rxd6 41. Kc5 Rxd4 42. Kxd4 g4 43. b4 h4 44. Ke3 Ke5 45. b5 f4+ 46. Kf2 g3+ 47. hxg3 fxg3+ 48. Kg2 Kd6 49. c4 Kc5 50. Kh3 Kb6 51. Kg2 Kc5 52. Kh3 Kb6 53. Kg2 Kc5 1/2-1/2

[Event "December 12 Early 2023"]
[Site "https://www.chess.com"]
[Date "2023.12.12"]
[Round "11"]
[White "Steinberg, Nitzan"]
[Black "BestStelker"]
[Result "1-0"]
[Board "12"]
[TimeControl "180+1"]
[WhiteFideId "2801795"]
[WhiteElo "2896"]
[BlackElo "2705"]
[WhiteTeam "ISR"]
[WhiteClock "0:00:19"]
[BlackClock "0:00:00"]

1. e4 e6 2. d4 d5 3. Nd2 c5 4. Ngf3 cxd4 5. Nxd4 Nc6 6. Bb5 Bd7 7. Nxc6 bxc6 8. Bd3 Bd6 9. Qe2 e5 10. O-O Ne7 11. c4 O-O 12. b3 d4 13. f4 f6 14. f5 a5 15. a3 c5 16. g4 a4 17. bxa4 Rxa4 18. Nf3 Bc6 19. Kh1 Qa8 20. Rg1 Kh8 21. Ra2 Rb8 22. h4 Rb3 23. Nd2 Rb8 24. Kh2 Qa5 25. Rc2 Qa8 26. Qf3 Bd7 27. Ra2 Ra6 28. Kh3 Rab6 29. g5 Ng6 30. Nf1 Rb3 31. Kh2 Nxh4 32. Qh3 Nxf5 33. gxf6 gxf6 34. Rag2 Qb7 35. Bh6 1-0

[Event "December 12 Early 2023"]
[Site "https://www.chess.com"]
[Date "2023.12.12"]
[Round "11"]
[White "Nepomniachtchi, Ian"]
[Black "Weetik, Vjacheslav"]
[Result "1-0"]
[Board "13"]
[TimeControl "180+1"]
[WhiteFideId "4168119"]
[BlackFideId "4153472"]
[WhiteElo "3095"]
[BlackElo "2780"]
[WhiteTeam "RUS"]
[BlackTeam "RUS"]
[WhiteClock "0:01:25"]
[BlackClock "0:00:26"]

1. e4 c6 2. d4 d5 3. Nc3 dxe4 4. Nxe4 Bf5 5. Ng3 Bg6 6. c3 e6 7. h4 h6 8. Nh3 Bd6 9. Nf4 Bxf4 10. Bxf4 Nf6 11. Qb3 Qe7 12. h5 Bh7 13. Be2 O-O 14. O-O Nd5 15. Bd2 Qc7 16. c4 Nf6 17. Rfe1 Nbd7 18. Bf3 Rfd8 19. Rad1 Rab8 20. Qa3 c5 21. Qxa7 cxd4 22. Ba5 Qxc4 23. Bxd8 Rxd8 24. b3 Qb5 25. Rxd4 e5 26. Rdd1 Qb4 27. Qxb7 Qh4 28. Qc7 Rf8 29. Rxd7 1-0

[Event "December 12 Early 2023"]
[Site "https://www.chess.com"]
[Date "2023.12.12"]
[Round "11"]
[White "Indjic, Aleksandar"]
[Black "Novozhilov, Semen"]
[Result "0-1"]
[Board "14"]
[TimeControl "180+1"]
[WhiteFideId "911925"]
[BlackFideId "24289167"]
[WhiteElo "2907"]
[BlackElo "2769"]
[WhiteTeam "SRB"]
[BlackTeam "RUS"]
[WhiteClock "0:00:18"]
[BlackClock "0:00:43"]

1. d4 Nf6 2. c4 e6 3. Nf3 d5 4. Nc3 Bb4 5. Bg5 h6 6. Bxf6 Qxf6 7. e3 O-O 8. Qb3 Bxc3+ 9. Qxc3 c5 10. cxd5 cxd4 11. Qxd4 Qxd4 12. Nxd4 exd5 13. Rc1 Bd7 14. Rc7 Bc6 15. Bd3 Rd8 16. Kd2 Nd7 17. Nxc6 bxc6 18. Rxc6 Ne5 19. Rc5 a5 20. Rhc1 a4 21. Rb5 Rab8 22. Rcc5 Rxb5 23. Rxb5 g6 24. Rb4 Ra8 25. Be2 Kg7 26. Rb5 Rd8 27. Ra5 Rb8 28. Kc2 Rc8+ 29. Kb1 Nc4 30. Rxd5 Nb6 31. Rb5 Rc6 32. Rb4 g5 33. Bf3 Rd6 34. Kc2 f5 35. h3 Kg6 36. Kc3 h5 37. Rd4 Re6 38. g4 fxg4 39. hxg4 h4 40. Kb4 Rf6 41. Be4+ Kg7 42. Rd2 Nc8 43. Kxa4 Nd6 44. Bd5 h3 45. b4 h2 46. a3 Nc4 47. f4 Nxd2 48. fxg5 Rf3 0-1

[Event "December 12 Early 2023"]
[Site "https://www.chess.com"]
[Date "2023.12.12"]
[Round "11"]
[White "Ashraf, Artin"]
[Black "Mamedov, Edgar"]
[Result "1/2-1/2"]
[Board "15"]
[TimeControl "180+1"]
[WhiteFideId "22514805"]
[BlackFideId "13739980"]
[WhiteElo "2902"]
[BlackElo "2798"]
[WhiteTeam "IRI"]
[BlackTeam "KAZ"]
[WhiteClock "0:00:05"]
[BlackClock "0:00:04"]

1. Nf3 d5 2. d4 Nf6 3. c4 e6 4. Nc3 c6 5. e3 Nbd7 6. Qc2 Bd6 7. Bd2 O-O 8. O-O-O dxc4 9. Bxc4 b5 10. Bd3 Bb7 11. g4 c5 12. d5 b4 13. Ne4 Nxe4 14. Bxe4 Nf6 15. Ng5 Nxe4 16. Nxe4 exd5 17. Ng3 a5 18. Nf5 a4 19. Kb1 c4 20. a3 c3 21. Bc1 Be5 22. axb4 cxb2 23. Bxb2 Rc8 24. Qxa4 Bxb2 25. Kxb2 Qf6+ 26. Rd4 g6 27. Qd7 Ba6 28. Qd6 Qxd6 29. Nxd6 Rc6 30. Rxd5 Be2 31. Rc1 Rb6 32. Rd4 Bxg4 33. Rxg4 Rxd6 34. Rd4 Rb6 35. Rc5 Ra8 36. Kb3 Ra1 37. Rc2 Rb1+ 38. Rb2 Rh1 39. h4 h5 40. Kc4 Rc1+ 41. Kd5 Rb5+ 42. Ke4 f6 43. Rbd2 Rb1 44. Rd8+ Kf7 45. R2d7+ Ke6 46. Rd6+ Ke7 47. R8d7+ Ke8 48. Rg7 R1xb4+ 49. Kd3 Rb3+ 50. Ke4 R3b4+ 51. Rd4 Re5+ 52. Kd3 Rb3+ 53. Kc4 Reb5 54. Rxg6 Kf7 55. Rg3 Ke6 56. Rf3 R5b4+ 57. Kc5 Rb5+ 58. Kc6 Rb6+ 59. Kc5 R6b5+ 60. Kc6 Rb6+ 61. Kc7 Rb7+ 62. Kc6 R7b6+ 1/2-1/2

[Event "December 12 Early 2023"]
[Site "https://www.chess.com"]
[Date "2023.12.12"]
[Round "11"]
[White "Kozak, Antoni"]
[Black "Rasulov, Vugar"]
[Result "0-1"]
[Board "16"]
[TimeControl "180+1"]
[WhiteFideId "21832030"]
[BlackFideId "13402390"]
[WhiteElo "2764"]
[BlackElo "2896"]
[WhiteTeam "POL"]
[BlackTeam "AZE"]
[WhiteClock "0:00:03"]
[BlackClock "0:00:04"]

1. Nf3 d5 2. e3 Nf6 3. c4 e6 4. b3 Bd6 5. Bb2 O-O 6. Nc3 c6 7. Qc2 e5 8. cxd5 cxd5 9. Nb5 Nc6 10. Nxd6 Qxd6 11. Be2 Bg4 12. h3 Bh5 13. Qd1 Bg6 14. O-O d4 15. exd4 e4 16. Ne5 Nxd4 17. Nxg6 hxg6 18. d3 Nxe2+ 19. Qxe2 exd3 20. Qf3 Qd5 21. Qxd5 Nxd5 22. Rfd1 Nf4 23. g3 Nxh3+ 24. Kg2 Ng5 25. Rxd3 Rfd8 26. Rad1 Ne6 27. Bc1 Rxd3 28. Rxd3 Rd8 29. Rc3 g5 30. Be3 a6 31. Rc4 f6 32. a4 Kf7 33. Rb4 Rd7 34. Rb6 g4 35. Kf1 g5 36. Rb4 f5 37. Ke2 Kf6 38. Bd2 Nd4+ 39. Kf1 Nf3 40. Bc3+ Kf7 41. Rb6 Ke8 42. Ke2 Kd8 43. Rf6 Rd5 44. Rf7 b5 45. a5 b4 46. Bxb4 Rb5 47. Bc3 Rxb3 48. Bf6+ Kc8 49. Ra7 Ng1+ 50. Kd2 Nh3 51. Rxa6 Nxf2 52. Kc2 Rxg3 53. Bxg5 Ne4 54. Bf4 Rc3+ 55. Kb2 Rf3 56. Be5 g3 57. Rg6 Nd2 58. Rg8+ Kb7 59. Bxg3 Nc4+ 60. Kc2 Nxa5 61. Kd1 Nc6 62. Ke2 Nd4+ 63. Ke1 Kc6 64. Bf2 Ne6 65. Ke2 Rb3 66. Be3 Kd5 67. Re8 Ra3 68. Kf2 Rb3 69. Ke2 f4 70. Bxf4 Nxf4+ 71. Kd2 Ne6 72. Re7 Nc5 73. Re8 Rh3 74. Ke2 Kd4 75. Rd8+ Kc4 76. Kf2 Nd3+ 77. Kg2 Re3 78. Kg1 Kc3 79. Kg2 Kd2 80. Rf8 Ke2 81. Rf7 Ne1+ 82. Kg1 Rg3+ 83. Kh2 Rg8 84. Kh3 Ke3 85. Kh4 Ng2+ 86. Kh5 Nf4+ 87. Kh6 Ke4 88. Rg7 Rh8+ 89. Rh7 Rf8 90. Kg7 Rf5 91. Rh8 Ne6+ 92. Kg6 Ke5 93. Re8 Rg5+ 94. Kf7 Rg7# 0-1

[Event "December 12 Early 2023"]
[Site "https://www.chess.com"]
[Date "2023.12.12"]
[Round "11"]
[White "Galchenko, Matvey"]
[Black "Krzyzanowski, Marcin"]
[Result "1-0"]
[Board "17"]
[TimeControl "180+1"]
[WhiteFideId "24175480"]
[BlackFideId "1132199"]
[WhiteElo "2888"]
[BlackElo "2740"]
[WhiteTeam "FID"]
[BlackTeam "POL"]
[WhiteClock "0:00:18"]
[BlackClock "0:00:00"]

1. e4 c5 2. Nc3 Nc6 3. Bb5 Nd4 4. Nf3 e6 5. Bd3 Nc6 6. O-O d6 7. a3 Nf6 8. Rb1 Be7 9. b4 O-O 10. Re1 b6 11. bxc5 bxc5 12. e5 dxe5 13. Nxe5 Nxe5 14. Rxe5 Bd6 15. Re1 Rb8 16. Rxb8 Bxb8 17. Qf3 Qc7 18. Qh3 Bb7 19. Bb2 h6 20. Nb5 Qf4 21. Bxf6 Qxf6 22. Nc3 Qf4 23. Re3 c4 24. Be4 Bxe4 25. Nxe4 Rd8 26. Qh5 f5 27. Nf6+ Kf8 28. Rxe6 Qe5 29. Nd7+ Kg8 30. Nxe5 1-0

[Event "December 12 Early 2023"]
[Site "https://www.chess.com"]
[Date "2023.12.12"]
[Round "11"]
[White "Aaditya Dhingra"]
[Black "Demchenko, Anton"]
[Result "0-1"]
[Board "18"]
[TimeControl "180+1"]
[WhiteFideId "25678191"]
[BlackFideId "4160258"]
[WhiteElo "2703"]
[BlackElo "2885"]
[WhiteTeam "IND"]
[BlackTeam "SLO"]
[WhiteClock "0:00:01"]
[BlackClock "0:00:04"]

1. e4 e5 2. Nf3 Nc6 3. Bc4 Nf6 4. d3 h6 5. O-O d6 6. a4 Be7 7. a5 a6 8. h3 O-O 9. Nc3 Be6 10. Nd5 Qd7 11. Bd2 Bxd5 12. exd5 Na7 13. Re1 Nb5 14. Bb3 c6 15. dxc6 bxc6 16. Ra4 Nc7 17. Rb4 Ne6 18. c3 Rfb8 19. Bc4 Rxb4 20. cxb4 Nc7 21. Bc3 Nfd5 22. d4 e4 23. Nd2 f5 24. f3 exf3 25. Qxf3 Kh8 26. Nf1 Bf6 27. Ng3 g6 28. Kh1 Kh7 29. Nf1 Re8 30. Rd1 Qf7 31. Ra1 Nb5 32. Ne3 Nbc7 33. Nxd5 cxd5 34. Bd3 Qd7 35. g4 Nb5 36. gxf5 g5 37. Qh5 Rg8 38. Re1 Nxc3 39. bxc3 Qc7 40. Re6 Qxc3 41. Rxf6 Qe1+ 42. Kg2 Qd2+ 43. Be2 g4 44. Qf7+ Kh8 45. Qh5 Qxe2+ 46. Kh1 Qf1+ 47. Kh2 g3# 0-1